 Dungeon Crawl Stone Soup version 0.31.0-11-ge490571c62 (webtiles) character file.

Game seed: 3635975302930102234

39 qw the Shooter (level 3, -2/18 HPs)
             Began as a Spriggan Hunter on Feb 4, 2024.
             Slain by a goblin
             ... wielding a +0 club
             ... led by Robin
              (3 damage)
             ... on level 2 of the Dungeon.
             The game lasted 00:00:03 (860 turns).

qw the Shooter (Spriggan Hunter)                     Turns: 860, Time: 00:00:04

Health: -2/18      AC:  2    Str:  7    XL:     3   Next: 26%
Magic:  4/4        EV: 19    Int: 10    God:
Gold:   78         SH:  0    Dex: 20    Spells: 2/2 levels left

rFire   . . .        a - +0 shortbow
rCold   . . .        (shield currently unavailable)
rNeg    . . .        c - +0 robe
rPois   .            (helmet restricted)
rElec   .            (no cloak)
rCorr   .            (gloves unavailable)
SInv    +            (boots unavailable)
Will    .....        (no amulet)
Stlth   ++           (no ring)
HPRegen 0.23/turn    (no ring)
MPRegen 0.09/turn

%: no passive effects
@: very quick
A: very small, no large weapons, unfitting armour, see invisible, speed 3
a: no special abilities


You were on level 2 of the Dungeon.
You visited 1 branch of the dungeon, and saw 2 of its levels.

You collected 78 gold pieces.


Innate Abilities, Weirdness & Mutations

You are very small and have problems with some larger weapons.
You are too small for most types of armour.
You have supernaturally acute eyesight. (SInv)
You cover ground extremely quickly. (Speed+++)


   Skills:
 - Level 1.5 Fighting
 + Level 4.6 Ranged Weapons
 - Level 4.0 Dodging
 - Level 1.5 Stealth


You had 2 spell levels left.
You didn't know any spells.
Your spell library was empty.

Inventory:

Hand Weapons
 a - a +0 shortbow (weapon)
Armour
 c - a +0 robe (worn)
Scrolls
 b - a scroll of enchant weapon {unknown}
 e - 2 scrolls of teleportation
 f - a scroll of identify
Potions
 d - a potion of cancellation
 g - a potion of enlightenment {unknown}
 h - a potion of curing
 i - a potion of invisibility {unknown}

Dungeon Overview and Level Annotations

Branches:
Dungeon (2/15)

Altars:

Annotations:
D:2 Robin


Message History

A goblin comes into view. It is wielding a +0 club.
You shoot an arrow. The goblin shouts!
The arrow hits the rat!
You kill the rat!
You hear a shout! x2
A goblin comes into view. It is wielding a +0 dagger.
You shoot an arrow.
The arrow hits the goblin but does no damage.
Robin of the Strong Arm comes into view.
They are wielding a +0 dagger.
You shoot an arrow.
Robin shouts!
The arrow hits the goblin.
The goblin is moderately wounded.
Robin throws the goblin at you! x2
The goblin hits you with a glowing dagger.
The goblin barely misses you.
A goblin comes into view. It is wielding a +0 club.
You shoot an arrow. The goblin shouts!
The arrow hits the goblin.
You kill the goblin!
The goblin misses you.
A goblin comes into view. It is wielding a +0 club.
You shoot an arrow. The arrow closely misses the goblin.
A goblin comes into view. It is wielding a +0 dagger.
The goblin completely misses you.
A goblin comes into view. It is wielding a +0 dagger.
You shoot an arrow. The arrow closely misses the goblin.
The arrow barely misses the goblin.
The goblin shouts! x2
The arrow hits Robin.
Robin is lightly wounded.
Robin roars a battlecry!
The goblins go into a battle-frenzy!
The goblin hits you with a +2 dagger of electrocution.
You are electrocuted!
Ouch! That really hurt!
The goblin hits you with a +0 club.
You die...

>....###### #.###
........... ....#
...)
...#...#######..#
.gg.
................#
..gg#
##.########.#..##
.g.8 ##.# #.>.##
...## ...# ##.##
#g... ####
#.####g.##.#
#....@g....#
#.########.# ###


You could see Robin and 7 goblins.

Vanquished Creatures
  A ribbon worm (D:2)
  5 ball pythons (D:1)
  4 bats
  5 endoplasms
  A giant cockroach (D:1)
  4 goblins
  3 hobgoblins (D:1)
  2 jackals (D:1)
  3 kobolds
  5 rats
33 creatures vanquished.

Notes
Turn   | Place    | Note
-------+----------+-------------------------------------------
     0 | D:1      | qw the Spriggan Hunter began the quest for the Orb.
     0 | D:1      | Reached XP level 1. HP: 10/10 MP: 2/2
     0 | D:1      | 0 ||| qw: Version: 0.3-a-160-g6735b56
     0 | D:1      | 0 ||| qw: Game counter: 5328
     0 | D:1      | 0 ||| qw: Melee chars always use a shield: true
     0 | D:1      | 0 ||| qw: God list: Okawaru
     0 | D:1      | 0 ||| qw: Allow faded altars: false
     0 | D:1      | 0 ||| qw: Do Orc after clearing Dungeon:15 true
     0 | D:1      | 0 ||| qw: Do second Lair branch before Depths: true
     0 | D:1      | 0 ||| qw: Lair rune preference: random
     0 | D:1      | 0 ||| qw: Goals: Normal
     0 | D:1      | 0 ||| PLANNING D:1-11
    18 | D:1      | Reached skill level 3 in Dodging
    77 | D:1      | Reached XP level 2. HP: 14/14 MP: 3/3
   554 | D:1      | 554 ||| READING 3 scrolls labelled OHYAP HOALOIS.
   562 | D:1      | 562 ||| READING 3 scrolls labelled OSCHESOUCU.
   562 | D:1      | 562 ||| IDENTIFYING bubbling coppery potion
   563 | D:1      | 563 ||| READING 2 scrolls of identify.
   563 | D:1      | 563 ||| IDENTIFYING glowing cyan potion
   564 | D:1      | 564 ||| READING scroll of identify.
   564 | D:1      | 564 ||| IDENTIFYING scroll labelled JOR JUOSUCS
   565 | D:1      | 565 ||| READING scroll labelled VUZEAG JOTEPEA.
   566 | D:1      | 566 ||| DROPPING scroll of butterflies.
   567 | D:1      | 567 ||| DROPPING scroll of blinking.
   606 | D:2      | Reached XP level 3. HP: 18/18 MP: 4/4
   856 | D:2      | Noticed Robin
   860 | D:2      | HP: 1/18 [goblin/+2 dagger of electrocution[Robin] (11)]
   860 | D:2      | Slain by a goblin

Levels and vault maps discovered:
D:1:      minmay_arrival_shoal_huts, layout_loops_cross
D:2:      layout_basic, serial_corexii_hall, chequers_hall_statues_y,
          chequers_hall_statues_wall_a, uniq_robin

Skill      XL: |  1  2 |
---------------+-------+-----
Dodging        | 3 4 |  4.0
Fighting       | |  1.5
Ranged Weapons | |  4.6
Stealth        | |  1.5

Action                     || total
---------------------------++-------
   Fire: Shortbow          ||   101
    Use: Scroll            ||     5
 Armour: Robe              ||    14
  Dodge: Dodged            ||    33

Table legend:
 A = Non-vault XP
 B = Vault XP
 C = Vault XP percentage of total XP
 D = Non-vault monster count
 E = Vault monster count
 F = Vault count percentage of total count
                 A         B        C        D         E       F
            +---------+---------+-------+---------+---------+-------
      Total |      53 |       3 |   5.4 |      31 |       2 |   6.1
            +---------+---------+-------+---------+---------+-------
        D:1 |      40 |       0 |   0.0 |      24 |       0 |   0.0
        D:2 |      13 |       3 |  18.8 |       7 |       2 |  22.2
            +---------+---------+-------+---------+---------+-------
